AoeStats
← HR nomadplayer

Oasis

507368444Analyzed
4v4 RM · 13d ago on Sep 17, 2026· 42m 25s· 8 players
Game mode
Random Map
Map size
Large (8 player)
Population
200
Speed
Normal
Resources
Standard
Victory
Conquest
Starting age
Dark Age
Ending age
Imperial Age
RankedLock teamsTeams togetherTeam positionsShared explorationLock speedFull tech treeHidden civsTurbo modeCheats
Victory
Defeat
🇵🇹 Persians · Portugal
1686
+12
🇵🇹 Franks · Portugal
1606
+15
🇵🇹 Maya · Portugal
1604
+15
🇵🇹 Portuguese · Portugal
1522
+19
🇨🇱 Malians · Chile
1820
-23
🇦🇷 Byzantines · Argentina
1548
-14
🇨🇱 Vietnamese · Chile
1535
-13
🇩🇴 Lithuanians · Dominican Republic
1468
-11
RD | RuJasonSh
7:33 Loom
9:21 Feudal Age
9:59 Loom
11:14 Double-Bit Axe
12:21 Horse Collar
19:09 Castle Age
17:05 Stone Mining
18:16 Gold Mining
20:14 Bow Saw
23:05 Bow Saw
25:35 Imperial Age
24:57 Scale Barding Armor
26:37 Chain Barding Armor
27:42 Chemistry
28:36 Forging
32:34 Plate Barding Armor
34:31 Iron Casting
34:51 Masonry
42:44 Wheelbarrow
[MGG] JP
6:32 Loom
9:03 Feudal Age
9:50 Double-Bit Axe
19:32 Castle Age
17:45 Horse Collar
18:19 Gold Mining
18:40 Fletching
19:07 Town Watch
19:47 Padded Archer Armor
20:12 Bodkin Arrow
20:05 Crossbowman
23:12 Bow Saw
28:16 Heavy Plow
30:19 Wheelbarrow
30:22 Stone Mining
35:07 Imperial Age
34:54 Leather Archer Armor
35:27 Ballistics
35:57 Bracer
37:18 Chemistry
36:07 Arbalester
38:15 Ring Archer Armor
38:42 Fortified Wall
38:42 Siege Engineers
[MGG] El Petardo
7:23 Loom
9:41 Feudal Age
12:12 Double-Bit Axe
14:52 Horse Collar
19:12 Castle Age
21:33 Bow Saw
23:31 Fortified Wall
26:40 Wheelbarrow
26:39 Heavy Plow
30:15 Imperial Age
28:07 Fletching
28:26 Gold Mining
28:54 Padded Archer Armor
29:17 Bodkin Arrow
30:28 Gold Shaft Mining
29:28 Crossbowman
30:55 Leather Archer Armor
30:49 Thumb Ring
30:32 Arbalester
32:51 Chemistry
32:37 Bracer
33:40 Ring Archer Armor
33:54 Ballistics
36:01 Stone Mining
36:41 Crop Rotation
37:12 Two-Man Saw
37:40 Conscription
HR nomadplayer
10:40 Feudal Age
14:42 Castle Age
12:49 Double-Bit Axe
12:45 Horse Collar
15:53 Bow Saw
16:26 Heavy Plow
20:29 Wheelbarrow
23:09 Hand Cart
22:53 Loom
23:09 Gold Mining
23:21 Stone Mining
28:09 Imperial Age
26:33 Scale Barding Armor
27:01 Forging
27:34 Town Watch
28:11 Chain Barding Armor
30:00 Chemistry
29:37 Conscription
29:27 Husbandry
29:38 Bloodlines
30:26 Plate Barding Armor
29:57 Farimba
29:29 Cavalier
31:26 Iron Casting
31:45 Heavy Camel Rider
36:50 Masonry
xeneta_
6:45 Loom
9:04 Feudal Age
11:19 Horse Collar
11:26 Double-Bit Axe
17:37 Castle Age
18:48 Bow Saw
19:15 Wheelbarrow
18:44 Heavy Plow
20:55 Stone Mining
21:50 Gold Mining
28:47 Imperial Age
29:36 Arquebus
29:57 Conscription
30:42 Chemistry
30:42 Hand Cart
30:13 Town Watch
30:11 Pikeman
30:54 Halberdier
31:37 Scale Mail Armor
31:47 Forging
35:11 Chain Mail Armor
37:04 Caravan
Mr Greed
5:20 Loom
8:11 Feudal Age
11:15 Double-Bit Axe
11:11 Horse Collar
18:56 Castle Age
19:46 Bow Saw
19:37 Heavy Plow
25:57 Fletching
26:50 Masonry
27:59 Wheelbarrow
31:24 Imperial Age
31:36 Scale Barding Armor
31:42 Forging
32:51 Chemistry
32:39 Chain Barding Armor
33:13 Hand Cart
33:35 Bloodlines
32:46 Light Cavalry
33:28 Husbandry
35:00 Plate Barding Armor
35:02 Conscription
35:04 Siphons
34:26 Hussar
36:38 Cavalier
37:55 Savar
40:38 Iron Casting
42:23 Blast Furnace
tom-gonz
0:26 Loom
11:24 Feudal Age
15:22 Castle Age
13:18 Double-Bit Axe
13:17 Horse Collar
19:50 Bow Saw
22:46 Wheelbarrow
23:46 Hand Cart
27:57 Imperial Age
25:42 Heavy Plow
25:38 Gold Mining
26:20 Stone Mining
28:17 Stone Shaft Mining
28:20 Masonry
28:12 Fletching
28:22 Padded Archer Armor
28:36 Caravan
29:57 Chemistry
29:28 Architecture
30:06 Two-Man Saw
29:38 Crop Rotation
29:37 Bodkin Arrow
30:27 Bracer
30:17 Elite Plumed Archer
31:25 Leather Archer Armor
31:31 Ballistics
32:06 Conscription
33:16 Ring Archer Armor
39:39 Coinage
42:46 Banking
Brisingr
5:14 Loom
8:45 Feudal Age
9:43 Double-Bit Axe
17:29 Castle Age
18:32 Bow Saw
18:43 Town Watch
23:01 Wheelbarrow
24:20 Scale Barding Armor
25:18 Fortified Wall
26:28 Town Watch
27:59 Hand Cart
28:36 Husbandry
28:56 Gold Mining
28:58 Stone Mining
30:16 Chain Barding Armor
34:19 Imperial Age
32:26 Husbandry
34:29 Gold Shaft Mining
34:48 Forging
35:44 Plate Barding Armor
34:37 Cavalier
36:10 Iron Casting
35:57 Fletching
38:34 Conscription
39:00 Hoardings
38:36 Masonry
41:17 Chemistry
39:48 Pikeman
Connection lost

Rejoining the realm…

Still unreachable

The connection could not be restored.

Session expired

The server has moved on; the page needs a fresh start.